 Dungeon Crawl Stone Soup version 0.29.1-2-gbd0b4ee654 (webtiles) character file.

Game seed: 8845607927238827060

1003 Descartes the Shield-Bearer (level 8, 0/50 (58) HPs)
             Began as a Formicid Fighter on Nov 25, 2022.
             Slain by a kobold brigand
             ... wielding a +0 whip
              (5 damage)
             ... on level 5 of the Dungeon.
             The game lasted 00:10:10 (5506 turns).

Descartes the Shield-Bearer (Formicid Fighter)      Turns: 5506, Time: 00:10:10

HP:   0/50 (58)     AC:  7    Str: 22    XL:     8   Next: 43%
MP:   8/8           EV:  9    Int:  9    God:
Gold: 228           SH: 12    Dex: 13    Spells: 7/7 levels left

rFire   . . .      SeeInvis +   a - +0 war axe
rCold   . . .      Faith    .   p - +2 kite shield
rNeg    + . .      Spirit   .   q - +1 ring mail {Will+}
rPois   .          Reflect  .   (helmet unavailable)
rElec   .          Harm     .   (no cloak)
rCorr   .          Rampage  .   (no gloves)
Will    +....                   (no boots)
Stlth   +.........              o - amulet of the acrobat
HPRegen 0.16/turn               m - ring of positive energy
MPRegen 0.11/turn               (no ring)

@: mighty, heavily drained
A: permanent stasis, dig shafts and tunnels, antennae 3, four strong arms
a: Dig, Shaft Self


You were on level 5 of the Dungeon.
You visited 1 branch of the dungeon, and saw 5 of its levels.

You collected 228 gold pieces.

Inventory:

Hand Weapons
 a - a +0 war axe (weapon)
 c - a +3 vorpal flail
Armour
 p - a +2 kite shield (worn)
 q - a +1 ring mail of willpower (worn)
Jewellery
 m - a ring of positive energy (left hand)
 o - an amulet of the acrobat (around neck)
Scrolls
 e - 6 scrolls of identify {unknown}
 g - a scroll of enchant weapon {unknown}
 h - a scroll of immolation {unknown}
 i - 2 scrolls of vulnerability {unknown}
 n - 3 scrolls of teleportation {unknown}
 s - a scroll of enchant armour {unknown}
Potions
 b - 2 potions of attraction {unknown}
 d - a potion of might
 j - a potion of degeneration {unknown}
 k - a potion of magic {unknown}
 l - a potion of resistance {unknown}
 r - 2 potions of heal wounds {unknown}


   Skills:
 - Level 3.2 Fighting
 + Level 4.9 Axes
 + Level 6.0 Armour
 + Level 7.1 Shields
 + Level 0.0 Hexes
 - Level 4.0 Translocations


You had 7 spell levels left.
You didn't know any spells.
Your spell library contained the following spells:

 Spells                   Type           Power      Damage    Failure   Level
 Sublimation of Blood     Necr           0%         N/A       89%         2
 Wereblood                Tmut           0%         N/A       89%         2
 Anguish                  Hex/Necr       0%         N/A       100%        4
 Enfeeble                 Hex            0%         N/A       100%        7
 Summon Hydra             Summ           0%         N/A       100%        7


Dungeon Overview and Level Annotations

Branches:
Dungeon (5/15)
 Temple: D:4-7

Altars:
Qazlal
Uskayaw
Zin
The Shining One


Innate Abilities, Weirdness & Mutations

You cannot be hasted, slowed, berserked, paralysed or teleported.
You can dig through walls and to a lower floor.
You have a pair of large antennae on your head. (SInv)
Your four strong arms can wield two-handed weapons with a shield.


Message History

You barely miss the kobold brigand.
The kobold brigand is severely wounded.
The kobold brigand hits you with a +0 whip.
* * * LOW HITPOINT WARNING * * *
You closely miss the kobold brigand.
The kobold brigand is severely wounded.
The kobold brigand hits you with a +0 whip!
* * * LOW HITPOINT WARNING * * *
You feel better.
The kobold brigand hits you but does no damage.
You feel very mighty all of a sudden.
The kobold brigand hits you with a +0 whip.
* * * LOW HITPOINT WARNING * * *
You feel better. You block the kobold brigand's attack.
Unknown command.
You closely miss the kobold brigand.
The kobold brigand is severely wounded.
You block the kobold brigand's attack. x2
You barely miss the kobold brigand.
The kobold brigand is severely wounded.
The kobold brigand closely misses you.
You closely miss the kobold brigand.
The kobold brigand is severely wounded.
The kobold brigand hits you but does no damage.
The kobold brigand hits you with a +0 whip.
* * * LOW HITPOINT WARNING * * *
Unknown command.
You barely miss the kobold brigand.
The kobold brigand is heavily wounded.
The kobold brigand hits you with a +0 whip.
* * * LOW HITPOINT WARNING * * *
You barely miss the kobold brigand.
The kobold brigand is heavily wounded.
The kobold brigand hits you with a +0 whip.
* * * LOW HITPOINT WARNING * * *
Unknown command.
You hit the kobold brigand.
The kobold brigand is severely wounded.
The kobold brigand hits you with a +0 whip.
You die...

{ { #K#### ...
##K..##.... #.........
#########...##...
#..........{## #
..##......{{##
#..##..{#{##
##..#######K#
#....#....@##
##.>.'....##
#..##...#######.#
.##..###'###......#
...........#......# ###
.##........+.....# ..#
#
#..##...##.....##.....#
..#
#..##...##.....##.....#
..# #
#...........##.....#


You could see a kobold brigand.

Vanquished Creatures
  A yak (D:4)
  Edmund (D:3)
  A phantom (D:2)
  2 scorpions (D:5)
  A jelly (D:5)
  3 orc priests
  Jessica (D:3)
  3 orc wizards
  5 iguanas
  Robin (D:2)
  4 gnolls (D:3)
  2 adders
  A shadow imp (D:4)
  An ufetubus (D:5)
  A worm (D:4)
  6 dart slugs
  10 orcs
  12 ball pythons
  4 bats
  6 endoplasms
  4 giant cockroaches
  15 goblins
  9 hobgoblins
  7 jackals
  5 quokkas
  4 frilled lizards
  8 kobolds
  6 rats
124 creatures vanquished.

Vanquished Creatures (others)
  2 fungi (D:3)
  20 plants (D:3)
  6 toadstools (D:5)
28 creatures vanquished.

Grand Total: 152 creatures vanquished

Notes
Turn   | Place    | Note
-------+----------+-------------------------------------------
     0 | D:1      | Descartes the Formicid Fighter began the quest for the Orb.
     0 | D:1      | Reached XP level 1. HP: 18/18 MP: 1/1
    88 | D:1      | Reached XP level 2. HP: 19/24 MP: 2/2
   273 | D:1      | Reached XP level 3. HP: 29/29 MP: 3/3
   424 | D:1      | Reached skill level 1 in Translocations
  1263 | D:2      | Reached XP level 4. HP: 35/35 MP: 4/4
  1570 | D:2      | Noticed Robin
  1576 | D:2      | Killed Robin
  1946 | D:3      | Noticed Jessica
  1951 | D:3      | Killed Jessica
  1952 | D:3      | Reached XP level 5. HP: 40/41 MP: 5/5
  1959 | D:3      | Found a faded altar of an unknown god.
  2100 | D:3      | Reached skill level 5 in Shields
  2106 | D:3      | Noticed a phantom
  2127 | D:2      | Killed a phantom
  2128 | D:2      | Reached XP level 6. HP: 39/47 MP: 6/6
  3077 | D:4      | Found a glowing golden altar of the Shining One.
  3077 | D:4      | Noticed Edmund
  3092 | D:3      | Killed Edmund
  3093 | D:3      | Reached skill level 5 in Armour
  3093 | D:3      | Reached XP level 7. HP: 9/52 MP: 7/7
  3350 | D:4      | Reached skill level 6 in Shields
  3726 | D:4      | Found a hide-covered altar of Uskayaw.
  3852 | D:4      | Found a stormy altar of Qazlal.
  3861 | D:4      | Found a glowing silver altar of Zin.
  4126 | D:5      | Entered Level 5 of the Dungeon
  4143 | D:5      | Noticed a yak
  4143 | D:5      | Noticed a yak
  4143 | D:5      | Noticed a yak
  4143 | D:5      | Noticed a yak
  4153 | D:5      | Noticed a yak
  4155 | D:5      | Noticed a yak
  4174 | D:4      | Killed a yak
  4377 | D:4      | Reached XP level 8. HP: 31/57 MP: 8/8
  5262 | D:5      | Reached skill level 7 in Shields
  5497 | D:5      | HP: 2/50 [kobold brigand/+0 whip (8)]
  5506 | D:5      | Slain by a kobold brigand

Illustrated notes

Levels and vault maps discovered:
D:1:      minmay_arrival_hallway, layout_basic
D:2:      layout_basic, uniq_robin
D:3:      minmay_evil_eye, layout_rooms, dreamdust_ecumenical_altar_grove,
          lexackson_kobold_supper, uniq_jessica
D:4:      layout_loops_cross, overflow_temple_1_default,
          nicolae_uskayaw_suspiria, grunt_temple_overflow_open, uniq_edmund
D:5:      cheibrodos_fertilizer, layout_gridville

Skill      XL: |  1  2  3  4  5  6  7  8 |
---------------+-------------------------+-----
Translocations | 1 2 3 4 |  4.0
Armour         | 4 5 6 |  6.0
Axes           | 3 4 |  4.9
Shields        | 5 6 7 |  7.1
Fighting       | |  3.2

Action                   |  1- 3 |  4- 6 |  7- 9 || total
-------------------------+-------+-------+-------++-------
Melee: War axe           |    82 |   174 |   133 ||   389
 Abil: Dig               |       |     1 |     2 ||     3
  Use: Potion            |       |       |     4 ||     4
Armor: Scale mail        |    33 |    70 |       ||   103
       Ring mail         |       |       |    30 ||    30
Dodge: Dodged            |    42 |    83 |    43 ||   168
Block: Buckler           |    27 |    41 |       ||    68
       Kite shield       |       |     4 |    98 ||   102
